 Dungeon Crawl Stone Soup version 0.32-a0-128-g77eb882913 (webtiles) character file.

Game seed: 11066828144908884224

45 Newt the Poker (level 3, 0/29 HPs)
             Began as a Merfolk Gladiator on Feb 7, 2024.
             Slain by a hobgoblin (2 damage)
             ... led by Robin
             ... on level 2 of the Dungeon.
             The game lasted 00:01:05 (917 turns).

Newt the Poker (Merfolk Gladiator)                   Turns: 917, Time: 00:01:05

Health: 0/29       AC:  4    Str: 16    XL:     3   Next: 64%
Magic:  3/3        EV: 14    Int:  7    God:
Gold:   78         SH:  0    Dex: 21    Spells: 2/2 levels left

rFire   . . .        a - +0 trident
rCold   . . .        (no shield)
rNeg    . . .        b - +0 leather armour
rPois   .            c - +0 helmet
rElec   .            (no cloak)
rCorr   .            (no gloves)
SInv    .            (no boots)
Will    .....        (no amulet)
Stlth   ++           i - +6 ring of dexterity
HPRegen 0.24/turn    (no ring)
MPRegen 0.08/turn

%: no passive effects
@: no status effects
A: (nimble swimmer 2), mertail
a: no special abilities


You were on level 2 of the Dungeon.
You visited 1 branch of the dungeon, and saw 2 of its levels.

You collected 78 gold pieces.

Inventory:

Hand Weapons
 a - a +0 trident (weapon)
Missiles
 d - 3 throwing nets (quivered)
Armour
 b - a +0 leather armour (worn)
 c - a +0 helmet (worn)
Jewellery
 i - a +6 ring of dexterity (left hand)
Scrolls
 f - a scroll of noise {unknown}
 h - a scroll of teleportation {unknown}
 j - a scroll of immolation {unknown}
Potions
 g - a potion of enlightenment
 k - a potion of cancellation


   Skills:
 + Level 3.0 Fighting
 * Level 5.4 Polearms
 - Level 2.0 Throwing
 - Level 4.0 Dodging


You had 2 spell levels left.
You didn't know any spells.
Your spell library was empty.

Dungeon Overview and Level Annotations

Branches:
Dungeon (2/15)

Altars:

Annotations:
D:2 Robin


Innate Abilities, Weirdness & Mutations

((You are very nimble when in or above water. (Stealth+, EV+, Speed+++)))
Your lower body shifts to a powerful aquatic tail in water.


Message History

Unknown command.
You puncture the goblin!
You kill the goblin!
Unknown command.
You hit the hobgoblin.
The hobgoblin is heavily wounded.
The hobgoblin misses you.
Unknown command.
You closely miss the hobgoblin.
The hobgoblin is heavily wounded.
Robin hits you from afar with a +0 trident.
The hobgoblin closely misses you. The hobgoblin hits you.
Robin barely misses you.
Unknown command.
You closely miss the hobgoblin.
The hobgoblin is heavily wounded.
Robin hits you from afar with a +0 trident.
* * * LOW HITPOINT WARNING * * *
The hobgoblin hits you.
* * * LOW HITPOINT WARNING * * *
Unknown command.
You closely miss the hobgoblin.
The hobgoblin is moderately wounded.
Robin hits you from afar with a +0 trident.
* * * LOW HITPOINT WARNING * * *
The hobgoblin closely misses you.
Unknown command.
Okay, then.
Throw: javelin
Press: ? - help, Shift-Dir - straight line, f - hobgoblin
Aim: a hobgoblin (strong, 62% to hit)
You throw a javelin.
The javelin completely misses the hobgoblin.
The javelin closely misses Robin.
The javelin pierces through the hobgoblin!
You kill the hobgoblin!
Robin hits you from afar with a +0 trident.
* * * LOW HITPOINT WARNING * * *
The hobgoblin hits you.
You die...

### #.. #.# ..#####.#
g# .....##.# .#
#....## g# ...
##.##.@## .# ...#
##..##.#g# .# #.#
#.##.##..#..#g# g# #.#
#.##.##..#)##†##.###.#
#.#
#.#...##.#..........)#
#.# #..#
#.#.......)....... #.#
#..#
#.......#(#.####.. #.#
#..###.###.###.#.# #.#
#.#...## #.....#..


You could see Robin and a hobgoblin (strong).

Vanquished Creatures
  4 ball pythons (D:1)
  2 endoplasms
  3 giant cockroaches (D:1)
  11 goblins
  5 hobgoblins
  4 jackals (D:1)
  2 quokkas (D:1)
  3 bats (D:1)
  2 kobolds (D:1)
  4 rats (D:1)
40 creatures vanquished.

Notes
Turn   | Place    | Note
-------+----------+-------------------------------------------
     0 | D:1      | Newt the Merfolk Gladiator began the quest for the Orb.
     0 | D:1      | Reached XP level 1. HP: 16/16 MP: 1/1
    65 | D:1      | Reached XP level 2. HP: 18/23 MP: 2/2
   423 | D:1      | Reached skill level 5 in Polearms
   456 | D:1      | Reached XP level 3. HP: 28/28 MP: 3/3
   888 | D:2      | Noticed Robin
   917 | D:2      | Slain by a hobgoblin

Illustrated notes

Levels and vault maps discovered:
D:1:      matt_arrival_grand_opening, layout_loops_cross,
          grunt_decor_one_mirror, hex_tiny
D:2:      layout_loops_ring, uniq_robin

Skill      XL: |  1  2  3 |
---------------+----------+-----
Polearms       | 5 |  5.4
Fighting       | 3 |  3.0
Throwing       | |  2.0
Dodging        | |  4.0

Action                     || total
---------------------------++-------
  Melee: Trident           ||   118
         Punch             ||     2
  Throw: Javelin           ||     1
    Use: Potion            ||     2
   Stab: Sleeping          ||     5
 Armour: Leather armour    ||    52
  Dodge: Dodged            ||    70

Table legend: (Time is in decaauts)
 A = Elapsed time spent in this place.
 B = Non-inter-level travel time spent in this place.
 C = Inter-level travel time spent in this place.
 D = Time resting spent in this place.
 E = Time spent auto-exploring this place.
 F = Levels seen in this place.
 G = Mean time per level.
                   A        B        C        D        E       F      G
               +--------+--------+--------+--------+--------+-----+--------+
         Total |    923 |    885 |     38 |      0 |    673 |   2 |  461.5 |
       Dungeon |    923 |    885 |     38 |      0 |    673 |   2 |  461.5 |
               +--------+--------+--------+--------+--------+-----+--------+

Top non-repeatable levels by time:
     D:1: 847 daAuts
     D:2: 75 daAuts
